 Seeded DCSS version 0.32-a0-918-g0f22ef8d61 (webtiles) character file.

Game seed: 202404116 (custom seed)

1587 Orlauf the Cleaver (level 8, -1/66 HPs)
             Began as a Demonspawn Gladiator on Apr 11, 2024.
             Slain by a lemure (4 damage)
             ... led by Pikel
             ... on level 6 of the Dungeon.
             The game lasted 00:07:51 (4872 turns).

Orlauf the Cleaver (Demonspawn Gladiator)           Turns: 4872, Time: 00:07:53

Health: -1/66      AC:  7    Str: 13 (16) XL:     8   Next: 61%
Magic:  8/8        EV:  2    Int:  6 (9)  God:
Gold:   259        SH:  9    Dex: 14 (15) Spells: 7/7 levels left

rFire   . . .        a - +1 war axe (vamp)
rCold   . . .        (no shield)
rNeg    . . .        x - +0 plate armour
rPois   .            c - +0 helmet
rElec   .            (no cloak)
rCorr   .            (no gloves)
SInv    .            (no boots)
Will    .....        t - amulet of reflection Stlth
                     s - ring of flight
HPRegen 0.31/turn    (no ring)
MPRegen 0.11/turn

%: random rage (3%), reflection
@: flying
A: rugged brown scales 1, condensation shield, demonic touch 1, berserk 1,
deformed body
a: no special abilities


You were on level 6 of the Dungeon.
You visited 1 branch of the dungeon, and saw 6 of its levels.
You also visited: Sewer.

You collected 259 gold pieces.

Inventory:

Hand Weapons
 a - a +1 vampiric war axe (weapon)
 b - a +1 flail of protection
 r - a +1 whip of electrocution
Missiles
 d - 2 throwing nets (quivered)
 e - 5 javelins
 o - 10 poisoned darts
Armour
 c - a +0 helmet (worn)
 x - a +0 plate armour (worn)
Jewellery
 s - a ring of flight (left hand)
 t - an amulet of reflection (around neck)
 v - an amulet of the acrobat
Wands
 q - a wand of iceblast (11)
Scrolls
 u - 4 scrolls of teleportation
Potions
 g - 2 potions of brilliance
 n - a potion of heal wounds {unknown}
 p - a potion of lignification


   Skills:
 + Level 6.6 Fighting
 * Level 8.6 Axes
 - Level 1.7 Throwing
 - Level 2.6 Dodging


You had 7 spell levels left.
You didn't know any spells.
Your spell library contained the following spells:

 Spells                   Type           Power      Damage    Failure   Level
 Apportation              Tloc           0%         N/A       100%        1
 Shock                    Conj/Air       0%         1d3       100%        1
 Summon Small Mammal      Summ           0%         N/A       100%        1
 Jinxbite                 Hex            0%         N/A       100%        2
 Call Canine Familiar     Summ           0%         N/A       100%        3
 Swiftness                Air            0%         N/A       100%        3
 Airstrike                Air            0%         2d(0-16)  100%        4
 Animate Armour           Summ/Erth      0%         N/A       100%        4
 Summon Blazeheart Golem  Fire/Summ      0%         N/A       100%        4
 Summon Lightning Spire   Summ/Air       0%         N/A       100%        4
 Alistair's Intoxication  Alch           0%         N/A       100%        5
 Lee's Rapid Deconstruct  Erth           0%         3d4*      100%        5


Dungeon Overview and Level Annotations

Branches:
Dungeon (6/15)              Sewer (visited)
 Temple: D:4-7

Altars:
Ashenzari
Hepliaklqana
Kikubaaqudgha
Makhleb

Shops:
D:2 ?

Annotations:
D:6 Pikel


Innate Abilities, Weirdness & Mutations

You are partially covered in rugged brown scales. (AC +1, +3% HP)
A meltable shield of frost defends you. (SH +4)
Your touch may inflict minor irresistible damage on your foes.
You sometimes lose your temper in combat.
Armour fits poorly on your strangely shaped body.


Message History

It was a potion of lignification.
You turn into a tree.
Your +0 helmet melds into your body.
Your +0 plate armour melds into your body.
Your roots penetrate the ground.
You slash Pikel!
You feel better.
Pikel is moderately wounded.
You slash the lemure!
Pikel hits you with a +1 whip of freezing.
* * * LOW HITPOINT WARNING * * *
Pikel freezes you.
* * * LOW HITPOINT WARNING * * *
The lemure hits you.
* * * LOW HITPOINT WARNING * * *
You miss the lemure. You hit Pikel but do no damage.
Pikel hits you with a +1 whip of freezing.
* * * LOW HITPOINT WARNING * * *
Pikel freezes you.
* * * LOW HITPOINT WARNING * * *
The lemure hits you but does no damage.
Unknown command.
Okay, then.
It was a potion of might.
You feel very mighty all of a sudden.
You feel less confused. You block Pikel's attack.
It was a potion of mutation.
You feel extremely strange.
You feel a little pissed off.
Your body twists and deforms.
The lemure hits you but does no damage.
It was a potion of cancellation.
Your magical effects are unravelling.
You feel magically purged.
You feel less wooden.
Your +0 helmet unmelds from your body.
Your +0 plate armour unmelds from your body.
You feel yourself slow down.
You feel a little less mighty now.
Pikel hits you with a +1 whip of freezing.
* * * LOW HITPOINT WARNING * * *
Pikel freezes you.
* * * LOW HITPOINT WARNING * * *
The lemure hits you.
You die...

......##.#####...#
......##.# #...#
.....###.## #...# .....#
#..# #...# ###.#####.#
#...# ###.....#.####...#
#.......#...##...##
#.#.#...###.##....##+######
#.......#
#.....@.##......##
#.#.#...#
####..5K'....<...#
#.......####
#....##.......#
###.....'..#
#....##.......# ##....##.#
#....###....... #....<#(#
#....# ....... ###'###.#
###### ....... #.....#
......( ####### ...)..#


You could see Pikel and a lemure.

Vanquished Creatures
  Pargi (Sewer)
  3 black bears (D:5)
  A centaur (D:6)
  3 lemures (D:6)
  2 phantoms
  Blork the orc (D:4)
  2 brain worms (Sewer)
  3 scorpions
  A burial acolyte (D:5)
  A howler monkey (D:6)
  A bombardier beetle (D:3)
  4 jellies
  An orc priest (D:5)
  2 orc wizards (D:5)
  Robin (D:4)
  12 adders
  2 shadow imps (D:5)
  3 adder zombies (D:5)
  24 orcs
  3 ball pythons
  4 bats
  7 endoplasms
  8 giant cockroaches
  A gnoll zombie (D:5)
  16 goblins
  12 hobgoblins
  5 jackals
  6 quokkas
  4 frilled lizards
  12 kobolds
  3 kobold zombies (D:5)
  3 rats
152 creatures vanquished.

Notes
Turn   | Place    | Note
-------+----------+-------------------------------------------
     0 | D:1      | Orlauf the Demonspawn Gladiator began the quest for the
                  | Orb.
     0 | D:1      | Reached XP level 1. HP: 16/16 MP: 1/1
   136 | D:1      | Reached skill level 3 in Axes
   192 | D:1      | Gained mutation: Your touch may inflict minor irresistible
                  | damage on your foes. [demonic ancestry]
   192 | D:1      | Reached XP level 2. HP: 21/22 MP: 2/2
   713 | D:1      | Gained mutation: You are partially covered in rugged brown
                  | scales. (AC +1, +3% HP) [demonic ancestry]
   713 | D:1      | Reached XP level 3. HP: 23/28 MP: 3/3
  1242 | D:2      | Found Loygehen's Magic Scroll Boutique.
  1906 | D:3      | Reached skill level 4 in Axes
  1922 | D:3      | Reached XP level 4. HP: 31/36 MP: 4/4
  1959 | D:3      | Found a faded altar of an unknown god.
  2048 | D:3      | Found a glowing drain.
  2055 | Sewer    | Entered a sewer
  2062 | Sewer    | Noticed a brain worm
  2066 | Sewer    | Killed a brain worm
  2067 | Sewer    | Gained mutation: A meltable shield of frost defends you.
                  | (SH +4) [demonic ancestry]
  2067 | Sewer    | Reached XP level 5. HP: 37/42 MP: 5/5
  2144 | Sewer    | Reached skill level 5 in Axes
  2196 | Sewer    | Noticed Pargi
  2212 | Sewer    | Killed Pargi
  2213 | Sewer    | Reached XP level 6. HP: 44/49 MP: 6/6
  3101 | D:4      | Found a hazy altar of Hepliaklqana.
  3122 | D:4      | Noticed Robin
  3148 | D:4      | Reached skill level 6 in Axes
  3151 | D:4      | Killed Robin
  3152 | D:4      | Reached XP level 7. HP: 54/56 MP: 7/7
  3214 | D:4      | Found a burning altar of Makhleb.
  3432 | D:4      | Noticed Blork the orc
  3441 | D:4      | Killed Blork the orc
  3714 | D:5      | Entered Level 5 of the Dungeon
  3770 | D:5      | Reached skill level 5 in Fighting
  3815 | D:5      | Reached skill level 7 in Axes
  3845 | D:5      | Found an ancient bone altar of Kikubaaqudgha.
  3898 | D:5      | Reached XP level 8. HP: 58/65 MP: 8/8
  4012 | D:5      | Reached skill level 8 in Axes
  4381 | D:5      | Found a broken altar of Ashenzari.
  4819 | D:6      | Noticed Pikel
  4871 | D:6      | Gained mutation: You sometimes lose your temper in combat.
                  | [potion of mutation]
  4871 | D:6      | Gained mutation: Armour fits poorly on your strangely
                  | shaped body. [potion of mutation]
  4872 | D:6      | HP: 3/66 [Pikel/+1 whip of freezing (2)]
  4872 | D:6      | Slain by a lemure

Illustrated notes

Levels and vault maps discovered:
D:1:      minmay_arrival_loop, layout_basic, minmay_misc_feat_five
D:2:      layout_basic, serial_shops, shop
D:3:      layout_loops_ring, gup_sewer_entry_bubbles,
          hellmonk_ecumenical_altar_pennies_from_heaven,
          minmay_misc_feat_secret_circle
D:4:      layout_rooms, worldfamousw_hep_ancestral_shrine, bloody_makhleb,
          eino_curves_02, uniq_robin, uniq_blork_the_orc
D:5:      layout_basic, regret_index_kikubaaqudgha_part_by_part,
          cheibrodos_ashenzari_chains, kennysheep_boxes
D:6:      layout_basic, serial_glass, glass_columns_a, glass_columns_b,
          glass_columns_a, glass_columns_a, glass_columns_a, glass_columns_a,
          glass_columns_a, glass_columns_a, glass_columns_a, glass_columns_a,
          uniq_pikel

Skill      XL: |  1  2  3  4  5  6  7  8 |
---------------+-------------------------+-----
Axes           | 3 4 5 6 7 8 |  8.6
Fighting       | 3 4 5 6 |  6.6
Throwing       | |  1.7
Dodging        | |  2.6

Action                     |  1- 3 |  4- 6 |  7- 9 || total
---------------------------+-------+-------+-------++-------
  Melee: War axe           |   103 |   129 |   178 ||   410
         Touch             |    10 |    27 |    38 ||    75
  Throw: Throwing net      |       |     1 |       ||     1
    Use: Scroll            |     4 |     3 |     3 ||    10
         Potion            |       |     1 |     7 ||     8
 Armour: Ring mail         |    46 |       |       ||    46
         Chain mail        |    31 |    79 |    24 ||   134
         Plate armour      |       |       |   132 ||   132
         Skin              |       |       |     5 ||     5
  Dodge: Dodged            |    61 |    45 |    27 ||   133
  Block: Other             |       |    28 |    61 ||    89
         Reflection        |       |     1 |     2 ||     3

Table legend: (Time is in decaauts)
 A = Elapsed time spent in this place.
 B = Non-inter-level travel time spent in this place.
 C = Inter-level travel time spent in this place.
 D = Time resting spent in this place.
 E = Time spent auto-exploring this place.
 F = Levels seen in this place.
 G = Mean time per level.
                   A        B        C        D        E       F      G
               +--------+--------+--------+--------+--------+-----+--------+
         Total |   4985 |   4763 |    222 |    220 |   3400 |   7 |  712.1 |
       Dungeon |   4765 |   4543 |    222 |    220 |   3266 |   6 |  794.2 |
         Sewer |    220 |    220 |      0 |      0 |    134 |   1 |  220.0 |
               +--------+--------+--------+--------+--------+-----+--------+

Top non-repeatable levels by time:
     D:2: 1127 daAuts
     D:5: 936 daAuts
     D:3: 897 daAuts
     D:1: 786 daAuts
     D:4: 784 daAuts
     D:6: 233 daAuts
   Sewer: 220 daAuts
